 Dungeon Crawl Stone Soup version 0.26.1-2-gb8aa6d0cf2 (webtiles) character file.

Game seed: 3196266745666397794

94 Goaboa the Chopper (level 4, -20/42 HPs)
             Began as a Hill Orc Monk on Feb 11, 2021.
             Was a Believer of Qazlal.
             Demolished by an ogre
             ... wielding a +0 giant club
              (28 damage)
             ... on level 5 of the Dungeon on Feb 12, 2021.
             The game lasted 00:22:00 (3293 turns).

Goaboa the Chopper (Hill Orc Monk)                  Turns: 3293, Time: 00:22:06

Health: -20/42     AC: 10    Str: 14    XL:     4   Next: 63%
Magic:  4/4        EV:  6    Int: 10    God:    Qazlal [**....]
Gold:   277        SH:  2    Dex: 13    Spells: 3/3 levels left

rFire    . . .     SeeInvis .   j - +0 war axe
rCold    + . .     Faith    +   (no shield)
rNeg     . . .     Spirit   .   t - +0 chain mail
rPois    .         Reflect  .   (no helmet)
rElec    .         Harm     .   w - +0 cloak
rCorr    .         Rampage  .   a - +0 pair of gloves
Will     +....                  (no boots)
Stlth    ..........             v - amulet of faith
HPRegen  0.14/turn              f - ring of protection from cold
MPRegen  0.09/turn              (no ring)

@: no status effects
A: talons 1, blurry vision 1, strong-willed 1
a: Renounce Religion, Upheaval


You were on level 5 of the Dungeon.
You worshipped Qazlal.
Qazlal was pleased with you.
You visited 1 branch of the dungeon, and saw 5 of its levels.

You collected 277 gold pieces.

Inventory:

Hand Weapons
 j - a +0 war axe (weapon)
 r - a +0 morningstar of protection
Armour
 a - a +0 pair of gloves (worn)
 t - a +0 chain mail (worn)
 w - a +0 cloak (worn)
Jewellery
 f - a ring of protection from cold (left hand)
 v - an amulet of faith (around neck)
Wands
 l - a wand of flame (12)
Scrolls
 b - a scroll of enchant weapon {unknown}
 c - a scroll of amnesia
 d - 2 scrolls of fog
 i - 3 scrolls of identify
 k - 2 scrolls of teleportation {unknown}
 n - a scroll of enchant armour {unknown}
 q - a scroll of magic mapping {unknown}
Potions
 g - a potion of mutation
 m - a potion of might {unknown}
 o - a potion of curing {unknown}
 p - a potion of cancellation {unknown}


   Skills:
 + Level 5.1 Fighting
 + Level 5.7 Axes
 - Level 2.4 Dodging
 - Level 1.5 Stealth


You had 3 spell levels left.
You didn't know any spells.
Your spell library contained the following spells:

 Spells                   Type           Power        Failure   Level
 Confusing Touch          Hex            0%           100%        3
 Gell's Gravitas          Tloc           0%           100%        3
 Petrify                  Tmut/Erth      0%           100%        4
 Metabolic Englaciation   Hex/Ice        0%           100%        5
 Yara's Violent Unravell  Hex/Tmut       0%           100%        5


Dungeon Overview and Level Annotations

Branches:
Dungeon (6/15)
 Temple: D:4-7

Altars:
Gozag
Kikubaaqudgha
Qazlal
Uskayaw
The Shining One

Annotations:
D:6 Dowan


Innate Abilities, Weirdness & Mutations

You have sharp toenails.
Scrolls take you a little longer to read.
You are strong-willed. (Will+)


Message History

The jackal bites you but does no damage.
The jackal barely misses you.
You barely miss the jackal. Your kick misses the jackal.
The jackal is heavily wounded.
The jackal bites you.
* * * LOW HITPOINT WARNING * * *
The jackal bites you but does no damage.
You slash the jackal!
You kill the jackal!
Qazlal accepts your kill.
You see here a jackal corpse.
Dowan hits you but does no damage.
There is a stone staircase leading up here.
The shadow imp hits you.
* * * LOW HITPOINT WARNING * * *
Dowan hits you but does no damage.
You climb upwards.
The ogre hits you with a +0 giant club!!
Ouch! That really hurt!
You die...

## .## . #. ..## .###.#...
..# ...#.#.# #5####..#...#
############@..........##
#####.........5O...........[.
..[...###############..).....
......#### ##.5..O5.#.#
#####....######.O#####.#.#
####.O5.##..## #...#
#...#......######.O####.
#........................
#......#######......#####


You could see an ogre, a white imp and a shadow imp.

Vanquished Creatures
  4 adders
  A worm (D:3)
  A dart slug (D:2)
  A leopard gecko (D:2)
  3 orcs
  5 bats (D:1)
  3 giant cockroaches
  7 goblins
  7 hobgoblins
  2 jackals
  6 kobolds
  4 frilled lizards
  A leopard gecko skeleton (D:5)
  4 rats
49 creatures vanquished.

Notes
Turn   | Place    | Note
-------+----------+-------------------------------------------
     0 | D:1      | Goaboa the Hill Orc Monk began the quest for the Orb.
     0 | D:1      | Reached XP level 1. HP: 19/19 MP: 1/1
   229 | D:1      | Reached XP level 2. HP: 27/27 MP: 2/2
   963 | D:1      | Reached XP level 3. HP: 33/33 MP: 3/3
  1505 | D:2      | Reached skill level 5 in Axes
  1976 | D:2      | Found an ancient bone altar of Kikubaaqudgha.
  1976 | D:2      | Found a stormy altar of Qazlal.
  1982 | D:2      | Found a faded altar of an unknown god.
  1984 | D:2      | Became a worshipper of Qazlal Stormbringer
  1984 | D:2      | Reached * piety under Qazlal
  1984 | D:2      | Reached ** piety under Qazlal
  1987 | D:2      | Found a hide-covered altar of Uskayaw.
  1989 | D:2      | Found a faded altar of an unknown god.
  2063 | D:3      | Reached XP level 4. HP: 33/41 MP: 4/4
  2554 | D:3      | Found a glowing golden altar of the Shining One.
  2613 | D:3      | Found an opulent altar of Gozag.
  2781 | D:3      | Reached skill level 5 in Fighting
  3190 | D:3      | You fall into a shaft and drop 2 floors!
  3190 | D:5      | Entered Level 5 of the Dungeon
  3217 | D:5      | Noticed an ogre
  3257 | D:5      | Gained mutation: Scrolls take you a little longer to read.
                  | [potion of mutation]
  3257 | D:5      | Gained mutation: You are strong-willed. (Will+) [potion of
                  | mutation]
  3257 | D:5      | Gained mutation: You have sharp toenails. [potion of
                  | mutation]
  3284 | D:6      | Noticed Dowan
  3285 | D:6      | Noticed an ogre
  3293 | D:5      | Demolished by an ogre

Illustrated notes

Levels and vault maps discovered:
D:1:      elethiomel_arrival_fortress_basement, layout_loops_ring,
          bh_walls_and_bars
D:2:      layout_basic, chequers_temple_overflow_minitemple,
          nicolae_overflow_hidden_temple, kennysheep_generic_room_14
D:3:      layout_loops_corners, nicolae_gozag_cash_rules_everything_around_me,
          tso_altar, kennysheep_generic_room_7
D:5:      layout_rooms, nzn_hepliaklqana_mist_gate, ashenzari_altar_1,
          minmay_temple_entry_antechambers, uniq_edmund, uniq_crazy_yiuf_cottage
D:6:      layout_rooms, serial_glass, glass_columns_b, glass_columns_a,
          basic_altar, uniq_duvessa

Skill      XL: |  1  2  3  4 |
---------------+-------------+-----
Fighting       | 4 5 |  5.1
Axes           | 5 |  5.7
Dodging        | |  2.4
Stealth        | |  1.5

Action                   |  1- 3 |  4- 6 || total
-------------------------+-------+-------++-------
Melee: Hand axe          |    71 |       ||    71
       War axe           |    24 |    53 ||    77
Evoke: Wand              |       |     1 ||     1
  Use: Scroll            |     3 |     3 ||     6
       Potion            |       |     1 ||     1
 Stab: Sleeping          |     5 |       ||     5
Armor: Robe              |     7 |       ||     7
       Leather armour    |     8 |     7 ||    15
       Chain mail        |       |    15 ||    15
       Scale mail        |       |     3 ||     3
Dodge: Dodged            |    64 |    38 ||   102
Block: Other             |       |     3 ||     3
